 Dungeon Crawl Stone Soup version 0.19-a0-1899-g2d93087 (webtiles) character file.

133 Naow the Chucker (level 5, 0/54 HPs)
             Began as an Ogre Hunter on Oct 20, 2016.
             Succumbed to an adder's poison
             ... on level 3 of the Dungeon.
             The game lasted 00:03:18 (1695 turns).

Naow the Chucker (Ogre Hunter)                      Turns: 1695, Time: 00:03:19

Health: 0/54       AC:  3    Str: 23    XL:     5   Next: 16%
Magic:  5/5        EV:  5    Int: 10    God:
Gold:   59         SH: 12    Dex: 10    Spells: 0 memorised, 4 levels left

rFire  + . .     SeeInvis .     l - +0 club
rCold  + . .     Gourm    .     b - +0 robe
rNeg   . . .     Faith    .     i - +0 large shield
rPois  +         Spirit   .     (helmet restricted)
rElec  +         Reflect  .     (no cloak)
rCorr  +         Harm     .     (gloves unavailable)
MR     .....                    (boots unavailable)
Stlth  +.........               (no amulet)
                                (no ring)
                                (no ring)

@: mighty, lethally poisoned (0 -> -2), resistant
A: unfitting armour, tough skin 1
a: no special abilities


You were on level 3 of the Dungeon.
You were not hungry.

You visited 1 branch of the dungeon, and saw 3 of its levels.

You collected 59 gold pieces.

Inventory:

Hand Weapons
 a - a +0 short sword
 l - a +0 club (weapon)
Missiles
 c - a large rock (quivered)
 d - 2 throwing nets
Armour
 b - a +0 robe (worn)
 i - a +0 large shield (worn)
Scrolls
 e - a scroll of noise {unknown}
 j - a scroll of magic mapping {unknown}
 k - 3 scrolls of immolation {unknown}
 n - a scroll of identify {unknown}
 q - a scroll of blinking {unknown}
 r - a scroll of fear {unknown}
Comestibles
 f - 3 bread rations
 h - 2 meat rations
 m - a royal jelly
 p - 2 chunks of flesh


   Skills:
 + Level 4.0 Fighting
 * Level 3.2 Maces & Flails
 + Level 4.7 Throwing
 + Level 2.4 Dodging
 - Level 0.6 Stealth


You had 4 spell levels left.
You didn't know any spells.

Dungeon Overview and Level Annotations

Branches:
Dungeon (3/15)

Altars:
Kikubaaqudgha

Annotations:
D:2 Terence


Innate Abilities, Weirdness & Mutations

You are too large for most types of armour.
You have tough skin. (AC +1)


Message History

You throw a large rock. The large rock hits the adder!
You kill the adder!
Your Fighting skill increases to level 4!
* * * LOW HITPOINT WARNING * * *
You feel sick.
It was a potion of might.
You feel very mighty all of a sudden.
* * * LOW HITPOINT WARNING * * *
You feel sick.
It was a potion of resistance.
You feel protected.
There is a lethal amount of poison in your body!
There is a lethal amount of poison in your body!
* * * LOW HITPOINT WARNING * * *
You feel sick.
* * * LOW HITPOINT WARNING * * *
You feel sick.
* * * LOW HITPOINT WARNING * * *
You feel sick.
You die...

##.## #..######.#
###.(.####.........#
#..........#######.#
#...........#
#.######.
#.#######...#
#........ #. #...#
#...##### # #...#
###.# #..## #.#
#.@##########.#
#...........).#
#######..############
.......(## ###.##(.#
#..# #..# .....
#.$..###


There were no monsters in sight!

Vanquished Creatures
  A big kobold (D:3)
  2 adders
  A dart slug (D:3)
  4 giant cockroaches
  7 goblins
  7 hobgoblins
  4 bats
  8 frilled lizards
  3 kobolds
  3 rats (D:1)
40 creatures vanquished.

Notes
Turn   | Place    | Note
-------+----------+-------------------------------------------
     0 | D:1      | Naow the Ogre Hunter began the quest for the Orb.
     0 | D:1      | Reached XP level 1. HP: 22/22 MP: 1/1
   195 | D:1      | Reached XP level 2. HP: 22/29 MP: 2/2
   558 | D:1      | Reached skill level 1 in Maces & Flails
   840 | D:2      | Noticed Terence
   844 | D:2      | Reached XP level 3. HP: 35/37 MP: 3/3
  1323 | D:2      | Found an ancient bone altar of Kikubaaqudgha.
  1631 | D:3      | Noticed a big kobold
  1658 | D:3      | Killed a big kobold
  1658 | D:3      | Reached XP level 4. HP: 12/48 MP: 4/4
  1658 | D:3      | Reached XP level 5. HP: 13/54 MP: 5/5
  1688 | D:3      | HP: 2/54 [poisoned by an adder]
  1695 | D:3      | Succumbed to an adder's poison

Vault maps used:
D:1:      minmay_arrival_widening_spiral_wide
D:2:      kennysheep_the_goblin_king, first_bread, tgw_kikubaaqudgha,
          uniq_terence

Skill      XL: |  1  2  3  4  5 |
---------------+----------------+-----
Fighting       | 3 4 |  4.0
Maces & Flails | 1 3 |  3.2
Dodging        | 2 |  2.4
Throwing       | |  4.7
Stealth        | |  0.6

Action                   |  1- 3 |  4- 6 || total
-------------------------+-------+-------++-------
Melee: Short sword       |    35 |       ||    35
       Club              |   147 |       ||   147
Throw: Large rock        |     2 |     4 ||     6
  Use: Potion            |       |     2 ||     2
 Stab: Sleeping          |     5 |       ||     5
  Eat: Chunk             |     3 |       ||     3
Armor: Robe              |    72 |     1 ||    73
Dodge: Dodged            |    46 |     1 ||    47
Block: Large shield      |   121 |     3 ||   124
